 Dungeon Crawl Stone Soup version 0.24.0-123-gd5b16e6ec5 (webtiles) character file.

Game seed: 3150603162010402804, levelgen mode: deterministic

70 Curus the Twirler (level 4, 0/37 HPs)
             Began as a Minotaur Gladiator on Feb 7, 2020.
             Slain by an orc priest
             ... wielding a +0 short sword
              (5 damage)
             ... on level 3 of the Dungeon.
             The game lasted 00:04:53 (1167 turns).

Curus the Twirler (Minotaur Gladiator)              Turns: 1167, Time: 00:04:53

Health: 0/37       AC:  3    Str: 18    XL:     4   Next: 4%
Magic:  3/3        EV: 16    Int:  6    God:
Gold:   155        SH:  4    Dex: 12    Spells: 3/3 levels left

rFire    . . .     SeeInvis .   a - +1 quarterstaff
rCold    . . .     Gourm    .   (shield currently unavailable)
rNeg     . . .     Faith    .   b - +0 leather armour
rPois    .         Spirit   .   c - +0 hat
rElec    .         Reflect  +   (no cloak)
rCorr    .         Harm     .   (no gloves)
MR       .....     Rnd*Tele +   (no boots)
Stlth    +.........             i - +4 amulet of reflection
HPRegen  0.12/turn              j - +3 ring of evasion
MPRegen  0.08/turn              (no ring)

@: no status effects
A: retaliatory headbutt, horns 2, teleportitis 1, wild magic 1
a: no special abilities


You were on level 3 of the Dungeon.
You were not hungry.

You visited 1 branch of the dungeon, and saw 3 of its levels.

You collected 155 gold pieces.

Inventory:

Hand Weapons
 a - a +1 quarterstaff (weapon)
Missiles
 d - 3 throwing nets (quivered)
Armour
 b - a +0 leather armour (worn)
 c - a +0 hat (worn)
Jewellery
 i - a +4 amulet of reflection (around neck)
 j - a +3 ring of evasion (left hand)
Scrolls
 e - 9 scrolls of identify
 g - a scroll of teleportation
 h - 3 scrolls of remove curse
Potions
 k - a potion of curing
Comestibles
 f - 3 rations
 l - a chunk of flesh


   Skills:
 - Level 2.4 Fighting
 + Level 6.0 Staves
 - Level 2.0 Throwing
 - Level 3.2 Dodging


You had 3 spell levels left.
You didn't know any spells.
Your spell library was empty.

Dungeon Overview and Level Annotations

Branches:
Dungeon (3/15)

Altars:


Innate Abilities, Weirdness & Mutations

You reflexively headbutt those who attack you in melee.
You have a pair of horns on your head.
You are occasionally teleported next to monsters.
Your spells are a little harder to cast, but a little more powerful.


Message History

The orc is lightly wounded.
You barely miss the orc.
The orc is lightly wounded.
The orc hits you but does no damage. The orc hits you with a +0 flail!
The orc priest calls upon Beogh to heal the orc.
The orc's wounds heal themselves!
You barely miss the orc. The orc hits you with a +0 club.
* * * LOW HITPOINT WARNING * * *
The orc throws a boomerang.
The boomerang closely misses you.
The weapon returns to the orc!
The orc hits you with a +0 club.
* * * LOW HITPOINT WARNING * * *
The orc priest looks braver for a moment.
The orc priest invokes the aid of Beogh against you.
Pain shoots through your body!
* * * LOW HITPOINT WARNING * * *
The orc priest misses you.
There is a stone staircase leading up here.
The orc priest hits you with a +0 short sword.
You die...

#.#<..........#
#.#..#...######
#.#......#
#.#.###..#
###.#.###..# #######
........##># #.o...#
###.#.#....#.#.#...#
....#.#.#..#.#o#o..#
#####.#.#..#.#o#@.$#
..#.#..#.#.#o..#
###.#..#.#.#)#.#
#.#..#.#.....#
#.#..#.#.#.###
#.#..#.###.#
#.#........#
#.##.##### #....#


You could see an orc priest and 2 orcs.

Vanquished Creatures
  An adder (D:3)
  2 worms (D:2)
  A dart slug (D:1)
  2 leopard geckos
  An orc (D:3)
  A giant cockroach (D:2)
  7 goblins
  6 hobgoblins (D:2)
  3 jackals (D:1)
  7 kobolds
  3 bats
  5 frilled lizards
  9 rats
48 creatures vanquished.

Notes
Turn   | Place    | Note
-------+----------+-------------------------------------------
     0 | D:1      | Curus the Minotaur Gladiator began the quest for the Orb.
     0 | D:1      | Reached XP level 1. HP: 18/18 MP: 0/0
    55 | D:1      | Reached skill level 4 in Staves
   112 | D:1      | Reached XP level 2. HP: 25/25 MP: 1/1
   509 | D:1      | Reached skill level 5 in Staves
   563 | D:1      | Reached XP level 3. HP: 29/30 MP: 2/2
   753 | D:2      | Gained mutation: You are occasionally teleported next to
                  | monsters. [potion of mutation]
   753 | D:2      | Gained mutation: Your spells are a little harder to cast,
                  | but a little more powerful. [potion of mutation]
  1111 | D:3      | Reached XP level 4. HP: 37/37 MP: 3/3
  1113 | D:3      | Reached skill level 6 in Staves
  1167 | D:3      | Slain by an orc priest

Levels and vault maps discovered:
D:1:      noname_arrival_rooms_in_the_neighbourhood, layout_loops_ring,
          roderic_roman_lattice, hangedman_abyss_or_decor_stabs, minivault_23
D:2:      layout_basic
D:3:      layout_basic, lemuel_coloured_pillars_altar, first_ration

Skill      XL: |  1  2  3  4 |
---------------+-------------+-----
Staves         | 4 5 6 |  6.0
Fighting       | |  2.4
Throwing       | |  2.0
Dodging        | |  3.2

Action                   |  1- 3 |  4- 6 || total
-------------------------+-------+-------++-------
Melee: Quarterstaff      |    85 |     6 ||    91
       Headbutt          |     9 |       ||     9
  Use: Scroll            |     6 |       ||     6
       Potion            |     4 |       ||     4
 Stab: Sleeping          |     1 |       ||     1
  Eat: Chunk             |     1 |       ||     1
Armor: Leather armour    |    24 |     1 ||    25
Dodge: Dodged            |    48 |     4 ||    52
Block: Other             |    11 |     2 ||    13
